 Dungeon Crawl Stone Soup version 0.29.1-2-gbd0b4ee654 (webtiles) character file.

Game seed: 7459181160987749046

113 GorkyZ the Trooper (level 4, 0/35 HPs)
             Began as a Demonspawn Fighter on Nov 19, 2022.
             Was an Initiate of Gozag.
             Slain by Blork the orc
             ... wielding a +0 war axe
              (5 damage)
             ... on level 4 of the Dungeon.
             The game lasted 00:09:43 (3003 turns).

GorkyZ the Trooper (Demonspawn Fighter)             Turns: 3003, Time: 00:09:44

Health: 0/35       AC:  9    Str: 18    XL:     4   Next: 65%
Magic:  4/4        EV:  9    Int: 10    God:    Gozag
Gold:   80         SH:  4    Dex: 12    Spells: 3/3 levels left

rFire   . . .      SeeInvis +   a - +0 war axe
rCold   . . .      Faith    .   c - +0 buckler
rNeg    . . .      Spirit   .   b - +0 scale mail
rPois   .          Reflect  .   j - +0 helmet
rElec   .          Harm     .   (no cloak)
rCorr   .          Rampage  .   (no gloves)
Will    .....                   h - +0 pair of boots
Stlth   ..........              (no amulet)
HPRegen 2.11/turn               l - ring of see invisible
MPRegen 0.09/turn               (no ring)

@: no status effects
A: powered by death 1, powered by pain 2
a: Renounce Religion, Potion Petition, Call Merchant, Bribe Branch


You were on level 4 of the Dungeon.
You worshipped Gozag.
Gozag was noncommittal.
You visited 2 branches of the dungeon, and saw 5 of its levels.

You collected 123 gold pieces.
You paid 43 gold pieces to Gozag.

Inventory:

Hand Weapons
 a - a +0 war axe (weapon)
Armour
 b - a +0 scale mail (worn)
 c - a +0 buckler (worn)
 h - a +0 pair of boots (worn)
 j - a +0 helmet (worn)
Jewellery
 l - a ring of see invisible (left hand)
Scrolls
 e - a scroll of magic mapping
 g - a scroll of identify
 m - a scroll of teleportation
Potions
 d - a potion of might
 i - 2 potions of berserk rage
 k - a potion of curing
Miscellaneous
 f - a piece from Xom's chessboard (15/15)


   Skills:
 + Level 3.5 Fighting
 + Level 2.4 Axes
 + Level 1.6 Throwing
 + Level 3.2 Armour
 + Level 3.2 Shields


You had 3 spell levels left.
You didn't know any spells.
Your spell library contained the following spells:

 Spells                   Type           Power      Damage    Failure   Level
 Ensorcelled Hibernation  Hex/Ice        0%         N/A       93%         2
 Passwall                 Tmut/Erth      0%         N/A       93%         2
 Swiftness                Air            0%         N/A       99%         3


Dungeon Overview and Level Annotations

Branches:
Dungeon (4/15)             Temple (1/1) D:4

Altars:
Dithmenos
Fedhas
Gozag
Hepliaklqana
Makhleb
Nemelex Xobeh
Ru
Vehumet
Wu Jian
Xom
Yredelemnul

Shops:
D:3 *!!

Annotations:
D:4 Blork the orc, Robin


Innate Abilities, Weirdness & Mutations

You regenerate a little health from kills.
You sometimes gain power by taking damage.


Message History

Blork the orc hits you but does no damage.
You hit Blork the orc.
Blork the orc is heavily wounded.
Robin is no longer distracted by gold.
You block Blork the orc's attack.
Blork the orc hits you but does no damage.
Robin hits you but does no damage.
You closely miss Blork the orc.
Blork the orc is heavily wounded.
Blork the orc hits you with a +0 war axe!
You block Blork the orc's attack. Robin barely misses you.
Robin hits you but does no damage.
Blork the orc hits you with a +0 war axe!
You barely miss Blork the orc.
Blork the orc is heavily wounded.
You block Blork the orc's attack. Robin hits you but does no damage.
Blork the orc hits you with a +0 war axe.
You barely miss Blork the orc.
Blork the orc is heavily wounded.
You block Blork the orc's attack. Robin barely misses you.
Blork the orc hits you but does no damage.
You slash Blork the orc!
Blork the orc is almost dead.
Blork the orc hits you with a +0 war axe!
Robin hits you from afar with a +0 trident.
Blork the orc hits you with a +0 war axe.
Robin hits you from afar with a +0 trident.
You closely miss Blork the orc.
Blork the orc is severely wounded.
Blork the orc hits you with a +0 war axe!
* * * LOW HITPOINT WARNING * * *
Robin closely misses you.
Blork the orc screams, "I'll eat your brain!
And then I'll vomit it back up!"
Blork the orc hits you with a +0 war axe.
* * * LOW HITPOINT WARNING * * *
You barely miss Blork the orc.
Blork the orc is severely wounded.
Blork the orc closely misses you. Robin hits you but does no damage.
Blork the orc hits you with a +0 war axe.
You die...
Your body crumbles into a pile of gold.

#..###...#
##..#.##.....#
#..#.######.#
$ #.........#
##.##.##.##
#....##.#
####....#
#$#### #@#
#..$o# #.#g..
# #.... ......
##......
........
.........


You could see Blork the orc (fast) and Robin.

Vanquished Creatures
  4 adders
  2 dart slugs (D:1)
  3 orcs
  4 endoplasms
  A giant cockroach (D:3)
  6 hobgoblins
  4 jackals (D:4)
  4 kobolds
  6 quokkas
  5 ball pythons
  2 bats (D:1)
  4 frilled lizards (D:2)
  13 goblins
  6 rats
  2 butterflies (D:3)
66 creatures vanquished.

Notes
Turn   | Place    | Note
-------+----------+-------------------------------------------
     0 | D:1      | GorkyZ the Demonspawn Fighter began the quest for the Orb.
     0 | D:1      | Reached XP level 1. HP: 18/18 MP: 1/1
   258 | D:1      | Found a faded altar of an unknown god.
   421 | D:1      | Gained mutation: You regenerate a little health from kills.
                  | [demonic ancestry]
   421 | D:1      | Reached XP level 2. HP: 22/24 MP: 2/2
  1154 | D:2      | Gained mutation: You sometimes gain a little power by
                  | taking damage. [demonic ancestry]
  1154 | D:2      | Reached XP level 3. HP: 26/29 MP: 3/3
  1231 | D:2      | Reached skill level 1 in Throwing
  1767 | D:3      | Found a shimmering altar of Xom.
  2201 | D:3      | Found Arghahozo's General Store.
  2245 | D:3      | Gained mutation: You sometimes gain power by taking damage.
                  | [demonic ancestry]
  2245 | D:3      | Reached XP level 4. HP: 31/35 MP: 4/4
  2277 | D:3      | Found Vicaxkuk's Distillery.
  2367 | D:3      | Found Ypneism's Distillery.
  2903 | D:4      | Found a staircase to the Ecumenical Temple.
  2943 | Temple   | Entered the Ecumenical Temple
  2949 | Temple   | Became a worshipper of Gozag Ym Sagoz the Greedy
  2973 | D:4      | Noticed Robin
  2975 | D:4      | Noticed Blork the orc
  3003 | D:4      | Slain by Blork the orc

Illustrated notes

Levels and vault maps discovered:
D:1:      dpeg_arrival_pond, layout_loops_ring, chequers_ecumenical_altar_simple
D:2:      layout_basic, serial_corexii_hall, corexii_hall_statues_x,
          chequers_hall_statues_y
D:3:      layout_basic, xom_butterflies, serial_shops, shop, shop, shop,
          roderic_serpentine_path
D:4:      layout_basic, tgw_kikubaaqudgha, old_standard_altar,
          minmay_temple_entry_junction, uniq_robin, uniq_eustachio,
          uniq_blork_the_orc, uniq_grinder, uniq_sigmund
Temple:   nicolae_temple_bog_church

Skill      XL: |  1  2  3 |
---------------+----------+-----
Axes           | 2 |  2.4
Shields        | 3 |  3.2
Throwing       | 1 |  1.6
Armour         | 3 |  3.2
Fighting       | |  3.5

Action                   |  1- 3 |  4- 6 || total
-------------------------+-------+-------++-------
Melee: War axe           |   117 |    61 ||   178
  Use: Scroll            |     7 |     1 ||     8
       Potion            |     4 |       ||     4
Armor: Scale mail        |    45 |    54 ||    99
Dodge: Dodged            |    55 |    37 ||    92
Block: Buckler           |    23 |    23 ||    46
